← All builds
Front / Armada / Economy first / OBSERVED BUILD

Standard front

Armada Front build order · Supreme Isthmus

Standard economy-first Front play: Bot Lab and Vehicle Plant up immediately, units trickle to the coast and middle, with an Advanced Metal Extractor around 9:00 as the eco transition.

#eco · 1693 distinct matches · 245 players · 74% of Armada Front games · team won 61% of 1987 · Recently observed

HOW TO PLAY IT

Key timing: T2 constructor by 7:43

  1. Open mex and wind, drop Bot Lab and Vehicle Plant almost immediately.
  2. Pump Blitz, Rocketeer and Pawn to the coast to stop leaks first.
  3. Add Centurion and Janus once first units are moving up.
  4. Form units into a line pushing toward middle as numbers grow.
  5. Upgrade to Advanced Metal Extractor as the economy transition kicks in.

Phase by phase

TYPICAL OF ITS 1693 GAMES
  1. 1
  2. 2
  3. 3
PLAY THE OPENING

Follow the example game's first 6:00 step by step: what to build now, what comes next, and where it goes. At 1× it keeps pace with your own game.

  1. 1

    Up to the Bot Lab

    Economy
    • Metal Extractor2Mex
    Order
    1. Bot LabBot Lab after 2 mex, 1 winddone ~0:44, middle half 0:33–0:55

    Some games also: wind (48%) · Vehicle Plant (35%)

    By 0:28 in all: 2 mex

    The example game in this phase · 3 steps
    1. Mex ×2
    2. Wind ×2
    3. Bot LabBot Labdone 0:46 · typical 0:44
  2. 2

    Bot Lab to 5:00

    Economy
    • Metal Extractor4Mex
    • Wind Turbine3Wind
    Builders
    • Construction Bot2 Con bot
    Army
    • Sentry1 Sentry
    • Rocketeer6 Rocketeer

    Some games also: Lazarus (49%) · tick (46%) · centurion (40%) · con vehicle (32%) · janus (32%)

    By 5:00 in all: 6 mex · 6 wind

    The example game in this phase · 45 steps
    1. LazarusLazarus
    2. TickTick ×3
    3. CenturionCenturionfor Pond
    4. Construction BotCon bot ×2
    5. Mex
    6. PawnPawn
    7. Mex
    8. Con turret
    9. PawnPawn ×3
    10. Mex
    11. PawnPawn
    12. CenturionCenturionfor Pond
    13. Mex
    14. RocketeerRocketeer ×2
    15. LazarusLazarus
    16. Wind
    17. RocketeerRocketeer
    18. SentrySentry
    19. Wind
    20. RocketeerRocketeer
    21. SentrySentry
    22. Wind
    23. RocketeerRocketeer
    24. SentrySentry
    25. Wind
    26. RocketeerRocketeer
    27. SentrySentry
    28. Wind
    29. SentrySentry
    30. RocketeerRocketeer
    31. Wind
    32. RocketeerRocketeer
    33. Dragon's TeethDragon's Teeth ×4
    34. Wind
    35. Dragon's TeethDragon's Teeth ×2
    36. RocketeerRocketeer
    37. Dragon's TeethDragon's Teeth ×2
    38. Wind
    39. Dragon's TeethDragon's Teeth
    40. RocketeerRocketeer
    41. Wind
    42. RocketeerRocketeer
    43. Wind
    44. RocketeerRocketeer
    45. Wind
  3. 3

    5:00 to 10:00

    Economy
    • Metal Extractor1Mex
    • Wind Turbine14Wind
    Builders
    • Construction Turret2 Con turret
    Army
    • Sentry1 Sentry

    Some games also: rocketeer (45%) · energy storage (43%) · Lazarus (38%) · con bot (37%) · Radar Tower (36%)

    By 10:00 in all: 7 mex · 24 wind · 1 energy storage · 3 con turret

    The example game in this phase · 92 steps
    1. RocketeerRocketeer
    2. Wind
    3. RocketeerRocketeer
    4. Wind
    5. RocketeerRocketeer
    6. Wind
    7. RocketeerRocketeer
    8. Wind
    9. RocketeerRocketeer
    10. Wind
    11. RocketeerRocketeer
    12. Wind
    13. RocketeerRocketeer
    14. Wind
    15. SentrySentry
    16. RocketeerRocketeer
    17. Wind
    18. RocketeerRocketeer
    19. SentrySentry
    20. Wind ×3
    21. PawnPawn ×3
    22. Con turret
    23. PawnPawn ×3
    24. Wind
    25. PawnPawn ×4
    26. Radar TowerRadar Tower
    27. PawnPawn ×2
    28. Con turret
    29. PawnPawn ×2
    30. Wind
    31. PawnPawn ×7
    32. Wind
    33. PawnPawn ×7
    34. Wind
    35. PawnPawn ×7
    36. Wind
    37. PawnPawn ×7
    38. Wind
    39. PawnPawn ×7
    40. Wind
    41. PawnPawn ×7
    42. Wind
    43. PawnPawn
    44. SentrySentry
    45. PawnPawn ×3
    46. SentrySentry
    47. PawnPawn ×2
    48. Wind
    49. PawnPawn
    50. SentrySentry
    51. PawnPawn ×7
    52. Wind
    53. PawnPawn ×10
    54. Wind
    55. PawnPawn ×8
    56. Energy storage
    57. PawnPawn
    58. Wind
    59. PawnPawn
    60. Energy storage
    61. PawnPawn ×4
    62. Wind
    63. PawnPawn ×3
    64. TickTick ×4
    65. Bot LabBot Labdone 12:46
    66. TickTick
    67. Wind
    68. TickTick
    69. Wind
    70. TickTick ×3
    71. Mex
    72. TickTick ×3
    73. Wind
    74. TickTick ×15
    75. Wind
    76. TickTick ×21
    77. Wind
    78. TickTick ×19
    79. Wind
    80. TickTick ×8
    81. BeamerBeamer
    82. TickTick ×7
    83. Wind
    84. TickTick ×5
    85. LazarusLazarus
    86. TickTick
    87. Wind
    88. LazarusLazarus
    89. TickTick
    90. Wind
    91. BeamerBeamer
    92. TickTick ×15

Counts are medians over the build's games: half of them build more, half fewer. The example game is ObeIix's (31 OS, 26/09/2026); pick another.

Team trades

IN AT LEAST 30% OF ITS GAMES

You hand over

Nothing regular.

You get

  • Tidal Generator4 Tidal from Pondfirst at 0:17 · in 68% of games
  • Advanced Construction Bot1 T2 con bot from Geo or Techfirst at 7:23 · in 64% of games

How it plays out

Typical game of this build, running totals by minute

Metal produced

010k20k30k
0:005:0010:0015:00

metal

Enemy metal destroyed

05k10k
0:005:0010:0015:00

metal

Own metal lost

05k10k
0:005:0010:0015:00

metal

1987 games.

Show as table
ByMetal produced: This buildEnemy metal destroyed: This buildOwn metal lost: This build
1:0033300
2:008402131
3:001619134108
4:002700522333
5:0038471127787
6:00503519331427
7:00625327222302
8:00753535453173
9:00897343294069
10:001053550094807
11:001237255365546
12:001452759886402
13:001685764696999
14:001922071917826
15:002185478698687
WHAT THE NUMBERS SAY

Standard Front play wins more often than Suicide front and produces more metal by 15:00 while losing less of it.

  • + Metal produced reaches 22627 by 15:00, well above Suicide front's 20142.
  • + Own metal lost is 8944 by 15:00, lower than enemy metal destroyed ratio of Suicide front.
  • − First unit lost already at 1:43, showing exposure despite the safer position.
  • − Blitz dominates army share at 25%, leaving fewer Centurion for anti-swarm.
THE EXAMPLE YOU ARE READING

ObeIix

30.9 OS · 26/09/2026

Open source match ↗

101 received units · includes a constructor
688 metal received · 17759 energy received

Allied construction assistance is unknown. Timings are observations, not a promise of solo reproducibility.

Typical milestones

Bot Lab0:44Middle 50%: 0:33–0:55 · n=1326
Vehicle Plant0:47Middle 50%: 0:41–1:13 · n=1281
Advanced Metal Extractor9:01Middle 50%: 8:09–10:15 · n=1559

Played most by

haaven107games of this buildHummell107games of this buildLeohvm93games of this buildTheGeneraI74games of this buildXad69games of this build